Map: Blackrock LE

Players

GhostRobo - Winner!

  • Race: Terran Terran
  • Spawn Location: 1:00

A.I. 1 (Very Easy)

  • Race: Zerg Zerg
  • Spawn Location: 7:00

VOD

Have the link to the VOD?

Description

Time

  • Played on: July 5, 2026, 5:19 a.m.
  • Length: 7:51
Show
View Real Time Build Order
Export as new Build Order

GhostRobo Terran - Winner!

Build Orders: Reaper Expand 

Get SALT Encoding   

  8  0:00  SCV  
  9  0:12  SCV  
  10  0:24  SCV  
  11  0:30  Supply Depot  
  11  0:36  SCV  
  13  0:53  Barracks  
  12  0:59  Refinery  
  12  1:02  SCV  
  13  1:14  SCV  
  14  1:26  SCV  
  15  1:39  Orbital Command  
  15  1:43  Reaper  
  16  2:13  Command Center  
  16  2:16  SCV  
  17  2:25  Supply Depot  
  17  2:26  Marine  
  18  2:38  SCV  
  19  2:48  Barracks Reactor  
  19  2:50  SCV  
  19  2:58  Factory  
  19  3:02  SCV  
  20  3:13  Refinery  
  20  3:14  SCV  
  21  3:26  SCV  
  22  3:27  Marine x2  
  22  3:29  Orbital Command  
  24  3:38  SCV  
  25  3:44  Starport  
  25  3:50  SCV  
  26  3:56  Barracks Tech Lab  
  26  3:58  Hellion x2  
  26  4:01  SCV  
  31  4:03  SCV  
  32  4:13  SCV  
  32  4:15  SCV  
  34  4:25  SCV  
  34  4:27  SCV  
  36  4:32  Barracks Tech Lab  
  36  4:37  SCV  
  36  4:38  Supply Depot  
  37  4:49  Barracks  
  37  4:50  Barracks  
  37  4:52  SCV x2  
  39  4:53  Command Center  
  39  4:55  Hellion  
  41  5:01  Stimpack  
  41  5:04  Banshee, SCV  
  45  5:13  Hellion  
  47  5:16  Cloaking Field  
  47  5:18  SCV x2  
  49  5:26  Refinery  
  49  5:30  SCV  
  50  5:41  Supply Depot  
  50  5:44  Supply Depot  
  50  6:03  SCV x2, Barracks Reactor x2  
  52  6:06  Hellion x2  
  52  6:11  Banshee  
  56  6:15  SCV x2  
  60  6:23  Orbital Command  
  59  6:38  SCV x2  
  61  6:50  SCV x2  
  61  6:53  Engineering Bay  
  63  6:54  Engineering Bay  
  61  7:02  SCV x2  
  61  7:07  Orbital Command  
  63  7:14  SCV x2  
  61  7:20  Refinery  
  61  7:25  Marine  
  61  7:26  Marine x4, SCV x2  
  61  7:28  Hellion x2  
  72  7:38  SCV x2  
  72  7:39  Starport Reactor  
Show
View Real Time Build Order
Export as new Build Order

A.I. 1 (Very Easy) Zerg 

Build Orders: Pool Only 

Get SALT Encoding   

  8  0:00  Drone  
  9  0:10  Drone  
  10  0:18  Drone  
  11  0:25  Drone  
  12  0:33  Overlord  
  12  0:51  Drone  
  13  0:58  Drone  
  13  1:02  Spawning Pool  
  13  1:05  Drone  
  13  1:08  Extractor  
  13  1:13  Drone  
  14  1:20  Overlord  
  14  1:49  Zergling x2  
  14  1:50  Queen  
  17  2:02  Roach Warren  
  17  2:06  Extractor  
  17  2:07  Zergling x2, Drone  
  17  2:14  Drone  
  18  2:25  Zergling x2  
  18  2:27  Drone  
  20  2:36  Drone  
  21  2:47  Drone  
  22  2:56  Overlord, Drone  
  23  3:03  Drone  
  24  3:10  Drone  
  25  5:45  Drone  
  25  5:46  Lair  
  26  5:53  Drone  
  26  5:54  Overlord  
  27  6:00  Drone  
  28  6:07  Zergling x2, Drone  
  29  6:14  Drone  
  30  6:21  Drone  
  31  6:32  Zergling x2  
  29  6:46  Drone  
  26  6:48  Spire  
  26  6:53  Overseer x2  
  21  6:54  Drone  
  21  6:57  Zergling x2  
  23  7:01  Drone  
  23  7:08  Drone  
  23  7:11  Queen  
  22  7:16  Drone  
  22  7:22  Zergling x2  
  20  7:23  Drone  
  18  7:30  Drone  
  14  7:38  Drone  
Tags
 
Add a new tag
Caveats
  • Supply blocks, unpowered buildings, or Contaminate may cause inaccurate times.
  • Supply counts are checked every 10 seconds.